 Dungeon Crawl Stone Soup version 0.19.5 (webtiles) character file.

394 greprep the Magician (level 6, -1/32 HPs)
             Began as a Deep Elf Fire Elementalist on May 3, 2017.
             Slain by an orc wizard
             ... wielding a +4 dagger
              (4 damage)
             ... on level 3 of the Dungeon.
             The game lasted 00:13:42 (2707 turns).

greprep the Magician (Deep Elf Fire Elementalist)   Turns: 2707, Time: 00:13:43

Health: -1/32      AC:  3    Str:  5    XL:     6   Next: 52%
Magic:  0/16       EV: 13    Int: 22    God:
Gold:   111        SH:  0    Dex: 15    Spells: 2 memorised, 12 levels left

rFire  . . .     SeeInvis .     o - +1 scythe (slice)
rCold  . . .     Gourm    .     a - +0 robe
rNeg   . . .     Faith    .     (shield currently unavailable)
rPois  .         Spirit   .     (no helmet)
rElec  .         Reflect  .     (no cloak)
rCorr  .         Harm     .     j - +0 pair of gloves
MR     .....                    (no boots)
Stlth  ++........               (no amulet)
                                (no ring)
                                (no ring)

@: no status effects
A: no striking features
a: no special abilities


You were on level 3 of the Dungeon.
You were not hungry.

You visited 1 branch of the dungeon, and saw 3 of its levels.

You collected 111 gold pieces.

Inventory:

Hand Weapons
 o - a +1 scythe of slicing (weapon)
Armour
 a - a +0 robe (worn)
 j - a +0 pair of gloves (worn)
Scrolls
 d - 2 scrolls of identify {unknown}
 e - 2 scrolls of enchant armour {unknown}
 f - a scroll of random uselessness {unknown}
 g - a scroll of enchant weapon {unknown}
 h - 3 scrolls of remove curse {unknown}
 l - 2 scrolls of fear {unknown}
 n - a scroll of recharging {unknown}
Potions
 i - 3 potions of curing {unknown}
 k - a potion of flight {unknown}
 m - a potion of degeneration {unknown}
Books
 b - a book of Flames

   Spells                             Type                      Level
   a - Flame Tongue                   Conjuration/Fire             1
   b - Throw Flame                    Conjuration/Fire             2
   c - Conjure Flame                  Conjuration/Fire             3
   d - Inner Flame                    Hexes/Fire                   3
   e - Sticky Flame                   Conjuration/Fire             4
   f - Fireball                       Conjuration/Fire             5
Comestibles
 c - 2 meat rations


   Skills:
 + Level 0.2 Fighting
 * Level 0.2 Polearms
 + Level 3.2 Dodging
 + Level 3.1 Stealth
 - Level 0.1 Unarmed Combat
 + Level 5.4 Spellcasting
 + Level 4.1 Conjurations
 + Level 5.0 Fire Magic


You had 12 spell levels left.
You knew the following spells:

 Your Spells              Type           Power        Failure   Level  Hunger
a - Flame Tongue          Conj/Fire      ####.        1%          1    None
b - Throw Flame           Conj/Fire      ####..       2%          2    None


Dungeon Overview and Level Annotations

Branches:
Dungeon (3/15)

Altars:
Fedhas

Annotations:
D:3 Grinder


Message History

Press: ? - help, Shift-Dir - straight line, f/p - orc wizard
Aim: an orc wizard, wielding an enchanted dagger and wearing a robe (fast)
The flame tongue hits the orc wizard.
The orc wizard is moderately wounded.
Casting: Flame Tongue
Confirm with . or Enter, or press ? or * to list all spells.
Aiming: Flame Tongue
Press: ? - help, Shift-Dir - straight line, f/p - orc wizard
Aim: an orc wizard, wielding an enchanted dagger and wearing a robe (moderately wounded, fast)
The flame tongue hits the orc wizard.
The orc wizard is heavily wounded.
The orc wizard hits you with an enchanted dagger.
* * * LOW HITPOINT WARNING * * *
The orc wizard barely misses you.
You closely miss the orc wizard.
The orc wizard is heavily wounded.
The orc wizard hits you with an enchanted dagger.
* * * LOW HITPOINT WARNING * * *
The orc wizard hits you with an enchanted dagger.
You die...

### ### #
##.######.#########.#####
#.........#.o.o.oo.)..)o.
##.######.#.#######.#.###
#.# #.#o# # #.# #.#o# #.#
#.#@# #.# #.#.# #.# #[#.#
#.# #.#.###### #.#
#.......... #.#
#...####### #.# #...# #.#
#...# #.# #....


You could see an orc wizard and 2 orcs.

Vanquished Creatures
  Sigmund (D:3)
  An orc priest (D:3)
  2 orc wizards (D:3)
  Terence (D:3)
  5 adders
  A worm (D:3)
  A dart slug (D:2)
  5 leopard geckos
  9 orcs (D:3)
  5 bats
  3 giant cockroaches
  7 goblins
  8 hobgoblins
  2 jackals (D:1)
  A frilled lizard (D:2)
  12 kobolds
  7 rats
71 creatures vanquished.

Notes
Turn   | Place    | Note
-------+----------+-------------------------------------------
     0 | D:1      | greprep the Deep Elf Fire Elementalist began the quest for the Orb.
     0 | D:1      | Reached XP level 1. HP: 10/10 MP: 6/6
   432 | D:1      | Reached XP level 2. HP: 15/15 MP: 5/8
   539 | D:1      | Learned a level 2 spell: Throw Flame
  1015 | D:2      | Found a blossoming altar of Fedhas.
  1039 | D:2      | Reached XP level 3. HP: 18/19 MP: 5/10
  1293 | D:2      | Reached XP level 4. HP: 21/24 MP: 6/12
  1728 | D:3      | Found a faded altar of an unknown god.
  1973 | D:3      | Reached XP level 5. HP: 28/28 MP: 9/13
  2014 | D:3      | Noticed Terence
  2057 | D:3      | Killed Terence
  2362 | D:3      | Noticed Sigmund
  2366 | D:3      | Noticed Grinder
  2377 | D:3      | Killed Sigmund
  2377 | D:3      | Reached skill level 5 in Spellcasting
  2377 | D:3      | Reached XP level 6. HP: 15/32 MP: 0/15
  2686 | D:3      | Reached skill level 5 in Fire Magic
  2707 | D:3      | Slain by an orc wizard

Skill      XL: |  1  2  3  4  5  6 |
---------------+-------------------+-----
Conjurations   | 2 3 4 |  4.1
Spellcasting   | 4 5 |  5.4
Fire Magic     | 4 5 |  5.0
Dodging        | 3 |  3.2
Stealth        | 3 |  3.1
Fighting       | |  0.2
Polearms       | |  0.2
Unarmed Combat | |  0.1

Action                   |  1- 3 |  4- 6 || total
-------------------------+-------+-------++-------
Melee: Unarmed           |    24 |     3 ||    27
       Scythe            |       |     1 ||     1
 Cast: Flame Tongue      |    50 |    72 ||   122
       Throw Flame       |     2 |    17 ||    19
  Eat: Bread ration      |     1 |     1 ||     2
Armor: Robe              |    11 |    10 ||    21
Dodge: Dodged            |    40 |    19 ||    59
